 Dungeon Crawl Stone Soup version 0.28.0-45-g0d030f2227 (webtiles) character file.

Game seed: 11182265263346980024

288 Icepheonix32 the Covered (level 6, 0/48 HPs)
             Began as a Demonspawn Fighter on Apr 8, 2022.
             Succumbed to a water moccasin's poison
             ... on level 3 of the Dungeon.
             The game lasted 00:01:50 (2747 turns).

Icepheonix32 the Covered (Demonspawn Fighter)       Turns: 2747, Time: 00:01:52

Health: 0/48       AC:  9    Str: 18    XL:     6   Next: 9%
Magic:  5/5        EV: 10    Int: 10    God:
Gold:   50         SH:  0    Dex: 12    Spells: 5/5 levels left

rFire   . . .      SeeInvis +   n - +2 scythe (freeze)
rCold   . . .      Faith    .   (shield currently unavailable)
rNeg    . . .      Spirit   .   b - +0 scale mail
rPois   .          Reflect  .   (helmet restricted)
rElec   .          Harm     .   (no cloak)
rCorr   .          Rampage  .   (no gloves)
Will    .....                   (no boots)
Stlth   ..........              (no amulet)
HPRegen 0.16/turn               h - ring of see invisible
MPRegen 0.09/turn               (no ring)

@: lethally poisoned (0 -> -8), attractive
A: antennae 1, molten scales 1, powered by pain 2, see invisible, deterioration
1, low MP 1
a: no special abilities


You were on level 3 of the Dungeon.
You visited 1 branch of the dungeon, and saw 3 of its levels.

You collected 50 gold pieces.

Inventory:

Hand Weapons
 a - a +0 long sword
 n - a +2 scythe of freezing (weapon)
Armour
 b - a +0 scale mail (worn)
 c - a +0 buckler
Jewellery
 h - a ring of see invisible (left hand)
Scrolls
 e - 3 scrolls of teleportation {unknown}
 f - 3 scrolls of identify {unknown}
 g - a scroll of vulnerability {unknown}
 l - a scroll of blinking {unknown}
 m - a scroll of fear {unknown}
 p - a scroll of enchant armour {unknown}
Potions
 i - a potion of ambrosia {unknown}
 o - a potion of haste {unknown}


   Skills:
 + Level 4.0 Fighting
 - Level 3.1 Long Blades
 + Level 4.1 Armour
 + Level 1.3 Dodging
 + Level 0.8 Stealth
 - Level 3.3 Shields


You had 5 spell levels left.
You didn't know any spells.
Your spell library was empty.

Dungeon Overview and Level Annotations

Branches:
Dungeon (3/15)

Altars:


Innate Abilities, Weirdness & Mutations

You have a pair of small antennae on your head.
You are partially covered in molten scales. (AC +2)
You sometimes gain power by taking damage.
You have supernaturally acute eyesight. (SInv)
Your body sometimes deteriorates upon taking damage.
Your magical capacity is low. (-10% MP)


Message History

The water moccasin bites you.
The giant cockroach waves its antennae.
The water moccasin bites you.
The iguana bites you but does no damage.
The water moccasin bites you but does no damage.
The iguana bites you but does no damage.
You closely miss the water moccasin.
You feel very sick. The water moccasin bites you.
The water moccasin closely misses you.
The iguana bites you but does no damage.
The water moccasin barely misses you.
The giant cockroach bites you but does no damage.
The iguana completely misses you.
You feel sick. The water moccasin barely misses you.
You feel sick.
The giant cockroach waves its antennae.
You feel sick.
You feel sick. The water moccasin barely misses you.
You feel sick.
You feel sick.
You are no longer poisoned.
The water moccasin bites you.
* * * LOW HITPOINT WARNING * * *
You are lethally poisoned!
The water moccasin poisons you!
* * * LOW HITPOINT WARNING * * *
You feel very sick.
It was a potion of attraction.
You feel attractive to monsters.
* * * LOW HITPOINT WARNING * * *
You feel very sick. The water moccasin misses you.
It was a potion of mutation.
You feel extremely strange.
Your vision sharpens.
You feel yourself wasting away.
You feel less energetic.
* * * LOW HITPOINT WARNING * * *
You feel sick. The water moccasin barely misses you.
The water moccasin bites you but does no damage.
The iguana bites you but does no damage.
It was a potion of magic.
Magic courses through your body.
You die...

#.......#
#####'###
#..)....#
#.......#
#.......#
+...)...#
###....B†.#
#.....lS###
...####@#######
... #.......#
.. #########.#
##.......#.#
.........#.###
##.#####.....#
# #.#.#.#
##.#####.#.#.#
#........#.#.#


You could see a water moccasin, an iguana and a giant cockroach.

Vanquished Creatures
  Sigmund (D:2)
  Natasha (thrice) (D:2)
  2 adders (D:2)
  A worm (D:2)
  A dart slug (D:2)
  3 endoplasms (D:2)
  A giant cockroach (D:2)
  5 goblins
  3 hobgoblins
  3 jackals (D:1)
  4 quokkas
  A ball python (D:1)
  4 bats
  2 frilled lizards (D:1)
  4 kobolds
  2 rats (D:2)
40 creatures vanquished.

Notes
Turn   | Place    | Note
-------+----------+-------------------------------------------
     0 | D:1      | Icepheonix32 the Demonspawn Fighter began the quest for the
                  | Orb.
     0 | D:1      | Reached XP level 1. HP: 18/18 MP: 1/1
    32 | D:1      | Found a faded altar of an unknown god.
   241 | D:1      | Gained mutation: You have a pair of small antennae on your
                  | head. [demonic ancestry]
   241 | D:1      | Reached XP level 2. HP: 20/24 MP: 2/2
  1190 | D:2      | Noticed Natasha
  1200 | D:2      | Killed Natasha
  1201 | D:2      | Gained mutation: You sometimes gain a little power by
                  | taking damage. [demonic ancestry]
  1201 | D:2      | Reached XP level 3. HP: 21/29 MP: 3/3
  1523 | D:2      | Noticed Natasha
  1533 | D:2      | Killed Natasha
  1534 | D:2      | Gained mutation: You are partially covered in molten
                  | scales. (AC +2) [demonic ancestry]
  1534 | D:2      | Reached XP level 4. HP: 26/35 MP: 4/4
  1612 | D:2      | Noticed Natasha
  1618 | D:2      | Killed Natasha
  2198 | D:2      | Noticed Sigmund
  2209 | D:2      | Killed Sigmund
  2210 | D:2      | Reached skill level 1 in Dodging
  2210 | D:2      | Gained mutation: You sometimes gain power by taking damage.
                  | [demonic ancestry]
  2210 | D:2      | Reached XP level 5. HP: 8/42 MP: 5/5
  2210 | D:2      | Reached XP level 6. HP: 9/48 MP: 6/6
  2733 | D:3      | Noticed a water moccasin
  2746 | D:3      | Gained mutation: You have supernaturally acute eyesight.
                  | (SInv) [potion of mutation]
  2746 | D:3      | Gained mutation: Your body sometimes deteriorates upon
                  | taking damage. [potion of mutation]
  2746 | D:3      | Gained mutation: Your magical capacity is low. (-10% MP)
                  | [potion of mutation]
  2746 | D:3      | HP: 2/48 [poisoned by a water moccasin]
  2747 | D:3      | Succumbed to a water moccasin's poison

Illustrated notes

Levels and vault maps discovered:
D:1:      mrwooster_arrival_statue_3, layout_loops_corners,
          ebering_ecumenical_altar_box, chequers_serial_rivers_room_b,
          minmay_misc_feat_iff
D:2:      layout_basic, uniq_natasha, uniq_sigmund
D:3:      layout_basic

Skill      XL: |  1  2  3  4 |
---------------+-------------+-----
Long Blades    | 2 3 |  3.1
Shields        | 3 |  3.3
Armour         | 3 4 |  4.1
Fighting       | 4 |  4.0
Dodging        | 1 |  1.3
Stealth        | |  0.8

Action                   |  1- 3 |  4- 6 || total
-------------------------+-------+-------++-------
Melee: Long sword        |    77 |    41 ||   118
       Scythe            |       |    10 ||    10
  Use: Potion            |       |     4 ||     4
Armor: Scale mail        |    42 |    27 ||    69
Dodge: Dodged            |    29 |    35 ||    64
Block: Buckler           |    17 |     7 ||    24
